 Dungeon Crawl Stone Soup version 0.18.1-50-g88ac8fd (webtiles) character file.

5010 Gargoyl the Grappler (level 10, -3/107 HPs)
             Began as a Troll Monk on Oct 9, 2016.
             Slain by a wolf (13 damage)
             ... led by Grum
             ... on level 9 of the Dungeon.
             The game lasted 00:18:58 (7048 turns).

Gargoyl the Grappler (Troll Monk)                   Turns: 7048, Time: 00:18:59

Health: -3/107     AC: 10    Str: 24    XL:     10   Next: 29%
Magic:  18/18      EV: 12    Int:  6    God:
Gold:   125        SH:  2    Dex:  8    Spells: 0 memorised, 9 levels left

rFire  . . .     SeeInvis .       - Unarmed
rCold  . . .     Gourm    +     a - +0 robe
rNeg   . . .     Faith    .     (no shield)
rPois  .         Spirit   .     (helmet restricted)
rElec  .         Dismiss  .     y - +2 cloak
rCorr  .         Reflect  .     (gloves unavailable)
SustAt .         Harm     +     (boots unavailable)
MR     .....                    j - amulet of harm
Stlth  ++........               q - ring of magical power
                                h - +3 ring of slaying

@: lethally poisoned (-3 -> -4), not resistant to hostile enchantments,
unstealthy
A: unfitting armour, claws 3, large bone plates 1, clumsy 2, fast metabolism 3,
gourmand, regeneration 2, robust 1, shaggy fur 1, tough skin 2
a: no special abilities


You were on level 9 of the Dungeon.
You were not hungry.

You visited 1 branch of the dungeon, and saw 9 of its levels.
You also visited: Sewer.

You collected 419 gold pieces.
You spent 294 gold pieces at shops.

Inventory:

Hand Weapons
 x - a +1 flail
Missiles
 g - a tomahawk (quivered)
Armour
 a - a +0 robe (worn)
 y - a +2 cloak (worn)
Jewellery
 h - a +3 ring of slaying (left claw)
 j - an amulet of harm (around neck)
 q - a ring of magical power (right claw)
Scrolls
 d - 3 scrolls of teleportation
 i - a scroll of identify
 n - 2 scrolls of remove curse
 r - a scroll of blinking
 t - 2 scrolls of magic mapping
Potions
 c - 6 potions of curing
 e - 2 potions of might
 k - a potion of flight
 o - a potion of brilliance
 p - a potion of agility
 u - a potion of invisibility
Comestibles
 b - 10 bread rations
 f - 2 beef jerkies
 l - a meat ration
 m - 2 royal jellies
 s - 2 slices of pizza


   Skills:
 + Level 6.2 Fighting
 + Level 8.5 Dodging
 + Level 3.6 Stealth
 + Level 9.3 Unarmed Combat


You had 9 spell levels left.
You didn't know any spells.

Dungeon Overview and Level Annotations

Branches:
Dungeon (9/15)             Temple (0/1) D:5
   Lair: D:8-11         Orc: D:9-12

Altars:
Dithmenos
Elyvilon
Fedhas
Kikubaaqudgha
Qazlal
Ru
Vehumet
Yredelemnul
Zin

Shops:
D:7 (?[


Innate Abilities, Weirdness & Mutations

You are too large for most types of armour.
You have claws for hands.
Your metabolism is lightning-fast.
You like to eat raw meat.
You heal very quickly.
You are covered in fur (AC +1).
You have very tough skin (AC +2).
You are partially covered in large bone plates (AC +2, SH +2).
You are very clumsy. (Dex -4)
You are robust (+10% HP).


Message History

The wolf bites you but does no damage.
There is a stone staircase leading down here.
The wolf bites you but does no damage. The wolf barely misses you.
The wolf bites you but does no damage. The wolf bites you.
* * * LOW HITPOINT WARNING * * *
The wolf bites you.
* * * LOW HITPOINT WARNING * * *
The wolf bites you.
* * * LOW HITPOINT WARNING * * *
You climb downwards.
A giant frog and a centaur come into view.
The giant frog gives a loud, deep croak!
Found a robe, 14 stones, 22 gold pieces and a scroll of fear.
There is a stone staircase leading up here.
Drink which item? (? for menu, Esc to quit)
It was a potion of cancellation.
You feel magically purged. You block the wolf's attack. The wolf bites you.
* * * LOW HITPOINT WARNING * * *
The wolf bites you!
You die...

## .# ..## .#
....# c.###
.....#####.....
...............
.......(.......
......h.....[..
.......@h......
........h......
...............
...F...........
.$.............
#..............
##..#..........
#..##......?..


You could see 3 wolves, a giant frog and a centaur (wandering).

Vanquished Creatures
  An ugly thing (D:7)
  The ghost of Kloppie the Spear-Bearer, a novice MfBe of Trog (D:5)
  A spriggan (D:7)
  Sigmund (D:6)
  Grum (D:8)
  Menkaure (D:7)
  2 hungry ghosts (D:8)
  Edmund (D:4)
  6 orc warriors
  An ice beast (D:6)
  A sky beast (D:6)
  A phantom (D:7)
  2 ogres
  A necrophage (D:6)
  3 centaurs
  5 big kobolds (Sewer)
  2 giant frogs (D:7)
  A scorpion (D:8)
  4 killer bees (D:8)
  4 howler monkeys
  3 crimson imps
  A jelly (D:6)
  A giant frog zombie (D:7)
  Crazy Yiuf (D:4)
  2 hounds
  6 orc priests
  Jessica (D:3)
  Ijyb (D:2)
  Natasha (thrice) (D:4)
  3 iguanas
  8 orc wizards
  3 worker ants
  A hound skeleton (D:6)
  3 gnolls (D:7)
  10 adders
  2 river rats
  2 shadow imps
  5 oozes
  An adder zombie (D:8)
  3 adder skeletons
  5 worms
  6 dart slugs
  3 giant geckos
  21 orcs
  8 ball pythons
  8 bats
  7 giant cockroaches
  17 goblins
  4 hobgoblins
  4 jackals
  3 quokkas
  A giant gecko skeleton (D:4)
  4 giant newts
  A jackal zombie (D:7)
  10 kobolds
  11 rats
213 creatures vanquished.

Notes
Turn   | Place    | Note
--------------------------------------------------------------
     0 | D:1      | Gargoyl the Troll Monk began the quest for the Orb.
     0 | D:1      | Reached XP level 1. HP: 22/22 MP: 0/0
    73 | D:1      | Reached XP level 2. HP: 29/29 MP: 1/1
   473 | D:1      | Reached XP level 3. HP: 36/36 MP: 2/2
   782 | D:2      | Found a blossoming altar of Fedhas.
   786 | D:2      | Found a stormy altar of Qazlal.
   981 | D:2      | Noticed Ijyb
   989 | D:2      | Killed Ijyb
  1272 | D:2      | Reached XP level 4. HP: 28/44 MP: 3/3
  1870 | D:3      | Noticed Jessica
  1877 | D:3      | Killed Jessica
  1877 | D:3      | Reached skill level 5 in Unarmed Combat
  2109 | D:3      | Reached XP level 5. HP: 53/53 MP: 4/4
  2575 | D:3      | Found an ancient bone altar of Kikubaaqudgha.
  2724 | D:4      | Found a glowing drain.
  2750 | Sewer    | Entered a sewer
  2800 | Sewer    | Reached XP level 6. HP: 45/61 MP: 5/5
  3099 | Sewer    | Reached skill level 6 in Unarmed Combat
  3124 | Sewer    | Reached XP level 7. HP: 66/67 MP: 6/6
  3360 | D:4      | Noticed Crazy Yiuf
  3367 | D:4      | Killed Crazy Yiuf
  3438 | D:4      | Noticed Natasha
  3444 | D:4      | Killed Natasha
  3567 | D:4      | Noticed Edmund
  3569 | D:4      | Noticed Natasha
  3576 | D:4      | Killed Natasha
  3587 | D:4      | Killed Edmund
  3679 | D:4      | Reached skill level 5 in Dodging
  3920 | D:4      | Noticed Natasha
  3927 | D:4      | Killed Natasha
  3927 | D:4      | Reached XP level 8. HP: 46/78 MP: 7/7
  4069 | D:5      | Entered Level 5 of the Dungeon
  4083 | D:5      | Reached skill level 7 in Unarmed Combat
  4115 | D:5      | Found a glowing silver altar of Zin.
  4155 | D:5      | Found a staircase to the Ecumenical Temple.
  4230 | D:5      | Noticed Kloppie's ghost (novice MfBe)
  4240 | D:5      | Killed Kloppie's ghost
  4436 | D:6      | Noticed Sigmund
  4443 | D:6      | Killed Sigmund
  4514 | D:6      | Gained mutation: You are partially covered in large bone plates (AC +2, SH +2). [mutagenic meat]
  4515 | D:6      | Gained mutation: You are clumsy. (Dex -2) [mutagenic meat]
  4517 | D:6      | Gained mutation: You have supernaturally acute eyesight. [mutagenic meat]
  4518 | D:6      | Lost mutation: You have supernaturally acute eyesight. [mutagenic meat]
  4655 | D:6      | Found a shadowy altar of Dithmenos.
  4685 | D:6      | Reached XP level 9. HP: 87/87 MP: 8/8
  4758 | D:6      | Reached skill level 5 in Fighting
  5254 | D:7      | Found Bakikeod's Weapon Boutique.
  5272 | D:7      | Found a white marble altar of Elyvilon.
  5467 | D:7      | Reached skill level 8 in Unarmed Combat
  5524 | D:7      | HP: 2/88 [orc wizard/magic dart (10)]
  5653 | D:7      | Found a flagged portal.
  5695 | D:7      | Found Piujiwev's Magic Scroll Emporium.
  5712 | D:7      | Bought a scroll of enchant armour for 105 gold pieces
  5712 | D:7      | Bought a scroll of teleportation for 42 gold pieces
  5712 | D:7      | Bought a scroll of blinking for 105 gold pieces
  5722 | D:7      | Found a radiant altar of Vehumet.
  5775 | D:7      | Bought a scroll of teleportation for 42 gold pieces
  5991 | D:7      | Found Leheneest's Armour Emporium.
  6046 | D:7      | Noticed Menkaure
  6051 | D:7      | Killed Menkaure
  6273 | D:7      | Found a basalt altar of Yredelemnul.
  6354 | D:7      | Noticed a brown ugly thing
  6362 | D:7      | HP: 3/89 [acid (11)]
  6364 | D:7      | Killed a brown ugly thing
  6364 | D:7      | Reached XP level 10. HP: 5/98 MP: 9/9
  6368 | D:7      | Gained mutation: You are robust (+10% HP). [mutagenic meat]
  6369 | D:7      | Gained mutation: You are very clumsy. (Dex -4) [mutagenic meat]
  6639 | D:8      | Reached skill level 9 in Unarmed Combat
  6657 | D:8      | Found a sacrificial altar of Ru.
  7029 | D:8      | Noticed Grum
  7042 | D:8      | Killed Grum
  7048 | D:9      | Slain by a wolf

Skill      XL: |  1  2  3  4  5  6  7  8  9 10 |
---------------+-------------------------------+-----
Dodging        | 3 4 5 6 8 |  8.5
Unarmed Combat | 5 6 7 8 9 |  9.3
Fighting       | 3 4 5 6 |  6.2
Stealth        | 2 3 |  3.6

Action                   |  1- 3 |  4- 6 |  7- 9 | 10-12 || total
-------------------------+-------+-------+-------+-------++-------
Melee: Unarmed           |    81 |   128 |   265 |    73 ||   547
       Punch             |       |     6 |    10 |     2 ||    18
  Use: Scroll            |     4 |     1 |    11 |     3 ||    19
       Potion            |       |       |     8 |     1 ||     9
 Stab: Sleeping          |     1 |     2 |     3 |       ||     6
  Eat: Chunk             |     4 |    18 |    42 |    13 ||    77
       Bread ration      |     1 |       |       |       ||     1
Armor: Robe              |    29 |    43 |    93 |    49 ||   214
Dodge: Dodged            |    46 |    80 |   176 |    73 ||   375
Block: Other             |       |       |    11 |    12 ||    23
